 Dungeon Crawl Stone Soup version 0.22.1-1-ga44c0e56f4 (webtiles) character file.

1952 Pocketmage the Cleaver (level 8, -3/74 HPs)
             Began as a Minotaur Fighter on Sept 26, 2018.
             Was a Believer of Okawaru.
             Killed by nerve-wracking pain
             ... invoked by a shadow imp
              (5 damage)
             ... on level 7 of the Dungeon.
             The game lasted 00:41:36 (7161 turns).

Pocketmage the Cleaver (Minotaur Fighter)           Turns: 7161, Time: 00:41:37

Health: -3/74      AC: 13    Str: 22    XL:     8   Next: 99%
Magic:  7/7        EV:  5    Int:  6    God:    Okawaru [**....]
Gold:   133        SH: 11    Dex: 10    Spells: 7/7 levels left

rFire    . . .     SeeInvis .   a - +1 war axe
rCold    + . .     Gourm    .   c - +0 shield
rNeg     . . .     Faith    .   j - +1 plate armour {rC+}
rPois    .         Spirit   .   (helmet restricted)
rElec    .         Reflect  .   (no cloak)
rCorr    .         Harm     .   o - +0 pair of gloves
MR       .....                  (no boots)
Stlth    ..........             (no amulet)
HPRegen  0.22/turn              (no ring)
MPRegen  0.10/turn              (no ring)

@: marked
A: retaliatory headbutt, horns 2
a: Heroism, Renounce Religion


You were on level 7 of the Dungeon.
You worshipped Okawaru.
Okawaru was pleased with you.
You were not hungry.

You visited 2 branches of the dungeon, and saw 8 of its levels.

You collected 301 gold pieces.
You spent 168 gold pieces at shops.

Inventory:

Hand Weapons
 a - a +1 war axe (weapon)
Missiles
 v - 4 javelins (quivered)
Armour
 b - a +0 scale mail
 c - a +0 shield (worn)
 j - a +1 plate armour of cold resistance (worn)
 o - a +0 pair of gloves (worn)
 s - a +1 chain mail
Jewellery
 t - a +5 ring of dexterity {unknown}
Wands
 n - a wand of disintegration (17)
Scrolls
 e - a scroll of magic mapping
 i - a scroll of identify
 p - a scroll of fog
 y - a scroll of blinking {unknown}
Potions
 d - 2 potions of might
 g - a potion of heal wounds {unknown}
 h - a potion of flight {unknown}
 k - 3 potions of cancellation
 l - 2 potions of haste
 m - 4 potions of curing
 q - 2 potions of brilliance
 r - 3 potions of agility
 u - a potion of lignification {unknown}
 x - a potion of invisibility {unknown}
Comestibles
 f - 3 rations


   Skills:
 + Level 7.8 Fighting
 * Level 10.1 Axes
 - Level 3.6 Armour
 + Level 7.9 Shields


You had 7 spell levels left.
You didn't know any spells.
Your spell library was empty.

Dungeon Overview and Level Annotations

Branches:
Dungeon (7/15)             Temple (1/1) D:5

Altars:
Ashenzari
Gozag
Hepliaklqana
Kikubaaqudgha
Nemelex Xobeh
Okawaru
Qazlal
Ru
Sif Muna
Trog
Wu Jian
Xom
Yredelemnul
The Shining One

Shops:
D:4 *   D:5 !

Annotations:
D:3 3 runed doors, exclusion: 3 doors, Knicklaso's ghost, amateur MiTm; sunhra's ghost, amateur VSMo
D:7 Harold; Prince Ribbit


Innate Abilities, Weirdness & Mutations

You reflexively headbutt those who attack you in melee.
You have a pair of horns on your head.


Message History

* * * LOW HITPOINT WARNING * * *
You slash the ogre! You headbutt the ogre.
You kill the ogre!
Okawaru accepts your kill.
You start resting.
Magic restored.
You start resting.
A killer bee comes into view.
A shadow imp comes into view.
The killer bee moves out of view.
The shadow imp gestures at you. Pain shoots through your body!
* * * LOW HITPOINT WARNING * * *
A killer bee comes into view.
Things that are here:
a giant spiked club; an ogre corpse
As you read the scroll of fog, it crumbles to dust.
The scroll dissolves into smoke.
The shadow imp gestures at you. Pain shoots through your body!
You die...

###########
#.........#
#....%....#
#....§§§..#
####...§@§§..#
.......§§§§§.#
####...§§§§§.#
#.5..§§§§.#
#y........#
#.....[...#
.y####.#####
##. ..# # ###


You could see 2 killer bees and a shadow imp.

Vanquished Creatures
  Purgy (D:3)
  An orc warrior (D:6)
  2 phantoms (D:6)
  An ice beast (D:6)
  A centaur (D:5)
  3 ogres
  A bullfrog (D:6)
  2 scorpions (D:6)
  3 wights (D:6)
  3 crimson imps
  2 hounds
  4 orc priests
  4 orc wizards
  5 iguanas
  4 worker ants
  3 hound skeletons
  4 gnolls (D:2)
  7 adders
  5 worms
  A dart slug (D:2)
  3 leopard geckos
  26 orcs
  3 ball pythons
  3 giant cockroaches
  6 goblins (D:2)
  9 hobgoblins
  7 jackals
  A quokka (D:4)
  A ball python skeleton (D:4)
  3 bats (D:2)
  6 frilled lizards
  7 kobolds
  A leopard gecko skeleton (D:4)
  5 rats
138 creatures vanquished.

Notes
Turn   | Place    | Note
-------+----------+-------------------------------------------
     0 | D:1      | Pocketmage the Minotaur Fighter began the quest for the
                  | Orb.
     0 | D:1      | Reached XP level 1. HP: 19/19 MP: 0/0
   132 | D:1      | Reached XP level 2. HP: 27/27 MP: 1/1
   165 | D:1      | Reached skill level 3 in Axes
   793 | D:2      | Reached XP level 3. HP: 21/33 MP: 2/2
  1213 | D:2      | Reached skill level 4 in Axes
  1218 | D:2      | Reached XP level 4. HP: 33/41 MP: 3/3
  2596 | D:3      | Reached XP level 5. HP: 18/47 MP: 4/4
  2823 | D:3      | Reached skill level 5 in Axes
  3033 | D:3      | Found a bloodstained altar of Trog.
  3035 | D:3      | Found an iron altar of Okawaru.
  3041 | D:3      | Became a worshipper of Warmaster Okawaru
  3073 | D:3      | Noticed Purgy
  3087 | D:3      | Killed Purgy
  3087 | D:3      | Reached skill level 5 in Fighting
  3087 | D:3      | Reached skill level 5 in Shields
  3175 | D:3      | Found a runed gate.
  3177 | D:3      | Found a runed gate.
  3177 | D:3      | Found a runed gate.
  3179 | D:3      | Noticed sunhra's ghost (amateur VSMo)
  3181 | D:3      | Noticed Knicklaso's ghost (amateur MiTm)
  3273 | D:3      | Found a basalt altar of Yredelemnul.
  3274 | D:3      | Found a sparkling altar of Nemelex Xobeh.
  3564 | D:4      | Reached XP level 6. HP: 56/56 MP: 5/5
  3644 | D:5      | Entered Level 5 of the Dungeon
  3683 | D:4      | Reached skill level 6 in Axes
  4042 | D:4      | Found Mur Ypsipsi's Assorted Antiques.
  4428 | D:5      | Found an ornate altar of the Wu Jian Council.
  4475 | D:5      | Reached * piety under Okawaru
  4645 | D:5      | Reached XP level 7. HP: 46/62 MP: 6/6
  4808 | D:5      | Reached skill level 7 in Axes
  5127 | D:5      | Found a staircase to the Ecumenical Temple.
  5241 | D:5      | Found Gokkopni's Distillery.
  5252 | D:5      | Bought a potion of haste for 120 gold pieces
  5252 | D:5      | Bought a potion of agility for 48 gold pieces
  5519 | Temple   | Entered the Ecumenical Temple
  5689 | D:6      | Reached skill level 8 in Axes
  5804 | D:6      | Reached XP level 8. HP: 49/71 MP: 7/7
  5808 | D:6      | Reached ** piety under Okawaru
  6025 | D:6      | Reached skill level 9 in Axes
  7006 | D:7      | Reached skill level 10 in Axes
  7130 | D:7      | Noticed Harold
  7138 | D:7      | Noticed Prince Ribbit
  7158 | D:7      | HP: 1/74 [shadow imp/nerve-wracking pain (9)]
  7161 | D:7      | Killed from afar by a shadow imp

Skill      XL: |  1  2  3  4  5  6  7  8 |
---------------+-------------------------+-----
Axes           | 3 4 5 6 8 10 | 10.1
Fighting       | 4 5 6 7 |  7.8
Shields        | 4 5 6 7 |  7.9
Armour         | |  3.6

Action                   |  1- 3 |  4- 6 |  7- 9 || total
-------------------------+-------+-------+-------++-------
Melee: War axe           |    86 |   125 |   203 ||   414
       Headbutt          |     7 |    24 |    36 ||    67
Invok: Heroism           |       |       |     4 ||     4
  Use: Scroll            |       |     9 |     6 ||    15
  Eat: Chunk             |     1 |     7 |     6 ||    14
       Ration            |       |     1 |     1 ||     2
Armor: Scale mail        |    39 |    23 |       ||    62
       Chain mail        |       |    32 |    45 ||    77
       Plate armour      |       |       |    21 ||    21
Dodge: Dodged            |    30 |    35 |    26 ||    91
Block: Shield            |    47 |    60 |    90 ||   197
